 Dungeon Crawl Stone Soup version 0.27.1-35-g4d5d836560 (webtiles) character file.

Game seed: 7777164257445756756

406 cbfl8 the Sneak (level 6, -6/53 HPs)
             Began as a Minotaur Delver on Apr 7, 2022.
             Splashed by Ijyb's acid (16 damage)
             ... on level 3 of the Dungeon.
             The game lasted 00:11:33 (4761 turns).

cbfl8 the Sneak (Minotaur Delver)                   Turns: 4761, Time: 00:11:33

Health: -6/53      AC:  1    Str: 19    XL:     6   Next: 56%
Magic:  5/5        EV:  5    Int:  7    God:
Gold:   119        SH:  8    Dex: 11    Spells: 5/5 levels left

rFire    . . .     SeeInvis .   a - +0 falchion
rCold    . . .     Faith    .   k - +0 kite shield
rNeg     . . .     Spirit   .   i - +0 chain mail
rPois    .         Reflect  .   (helmet restricted)
rElec    .         Harm     .   (no cloak)
rCorr    .         Rampage  .   (no gloves)
Will     .....                  (no boots)
Stlth    ..........             (no amulet)
HPRegen  0.17/turn              (no ring)
MPRegen  0.09/turn              (no ring)

@: corroded
A: horns 2, retaliatory headbutt
a: no special abilities


You were on level 3 of the Dungeon.
You visited 2 branches of the dungeon, and saw 6 of its levels.

You collected 119 gold pieces.

Inventory:

Hand Weapons
 a - a +0 falchion (weapon)
 q - a +2 quarterstaff of chaos
Armour
 b - a +0 leather armour
 i - a +0 chain mail (worn)
 k - a +0 kite shield (worn)
 r - a +0 cloak
Wands
 g - a wand of digging (3)
 l - a wand of iceblast (9)
Scrolls
 c - a scroll of fog
 d - 2 scrolls of magic mapping
 h - 3 scrolls of teleportation {unknown}
 j - a scroll of acquirement {unknown}
 m - a scroll of torment {unknown}
 s - a scroll of identify {unknown}
Potions
 e - 3 potions of heal wounds {unknown}
 f - 2 potions of haste
 n - a potion of attraction {unknown}
 o - a potion of brilliance {unknown}
 p - a potion of resistance {unknown}


   Skills:
 + Level 4.7 Fighting
 + Level 3.7 Long Blades
 + Level 3.2 Armour
 + Level 2.6 Dodging
 + Level 5.9 Stealth
 + Level 1.4 Shields


You had 5 spell levels left.
You didn't know any spells.
Your spell library contained the following spells:

 Spells                   Type           Power      Damage    Failure   Level
 Corona                   Hex            0%         N/A       100%        1
 Ensorcelled Hibernation  Hex/Ice        0%         N/A       100%        2
 Tukima's Dance           Hex            0%         N/A       100%        3


Dungeon Overview and Level Annotations

Branches:
Dungeon (5/15)             Temple (1/1) D:5

Altars:
Dithmenos
Elyvilon
Fedhas
Hepliaklqana
Kikubaaqudgha
Makhleb
Ru
Sif Muna
Trog
Wu Jian
Xom
Zin

Annotations:
D:3 Ijyb


Innate Abilities, Weirdness & Mutations

You have a pair of horns on your head.
You reflexively headbutt those who attack you in melee.


Message History

The hobgoblin shouts!
You block the hobgoblin's attack. You block the hobgoblin's attack.
You hit the hobgoblin. You headbutt the hobgoblin.
You kill the hobgoblin!
There is a stone staircase leading down here.
You see here a +1 dagger of electrocution.
Ijyb the Twisted Goblin comes into view.
She is wielding a +0 club and carrying a wand of acid (9).
Ijyb shouts!
Ijyb screams, "It's all mine!"
You block Ijyb's attack.
You closely miss Ijyb. Ijyb hits you but does no damage.
You hit Ijyb but do no damage. Ijyb hits you but does no damage.
You closely miss Ijyb. Ijyb hits you with a +0 club.
You completely miss Ijyb. Ijyb barely misses you.
Ijyb hits you but does no damage.
You closely miss Ijyb.
Ijyb zaps a wand.
The bolt of acid hits you! The acid corrodes you!
You are splashed with acid!
You slash Ijyb! You headbutt Ijyb!
Ijyb is severely wounded.
Ijyb hits you but does no damage. x2
Your chain mail prevents you from hitting Ijyb.
Your headbutt misses Ijyb.
Ijyb is severely wounded.
You block Ijyb's attack.
You miss Ijyb.
Ijyb is severely wounded.
Ijyb barely misses you.
You hit Ijyb. You headbutt Ijyb.
Ijyb is almost dead.
You block Ijyb's attack. Ijyb hits you with a +0 club.
You closely miss Ijyb.
Ijyb is almost dead.
Ijyb hits you with a +0 club.
You barely miss Ijyb. You headbutt Ijyb, but do no damage.
Ijyb is almost dead.
Ijyb zaps a wand.
The bolt of acid hits you!!
* * * LOW HITPOINT WARNING * * *
The acid corrodes you!
You are splashed with acid!
You die...

####.#########.
###.###.# ##
#.########## #.#
#.####
#######..........#
#.# #.....
.........#######.# #
#.# #.#### #######.##
#.#.# #.# #.####
#######.# #.#. #.#
#..... ........# #.#
#.# #.###. ##.######
#g# #.# #.# #. ...#
#@# #.# #.###. ##.#
###########.#.#####.#
#>##.# #.#
#...........#.......#
#.#.## #.#
#.#####.##..######..#
#..## #.# #.# #.#####
#..# #.#.## #.# #.#
#.# #..# #....# #.#
#.# #.# #..#######.
#.###.## #.# #....#
#. #.##...# #.#
##.#.# #.


You could see Ijyb.

Vanquished Creatures
  A necrophage (D:5)
  2 scorpions (D:5)
  Crazy Yiuf (D:2)
  Jessica (D:3)
  An iguana (D:2)
  A hound skeleton (D:5)
  2 adders
  An ufetubus (D:4)
  2 worms (D:2)
  2 dart slugs
  5 orcs
  12 ball pythons
  A bat (D:2)
  5 endoplasms
  A giant cockroach (D:1)
  4 goblins
  7 hobgoblins
  5 jackals
  2 quokkas
  3 frilled lizards
  2 kobolds
  3 rats
64 creatures vanquished.

Notes
Turn   | Place    | Note
-------+----------+-------------------------------------------
     0 | D:5      | cbfl8 the Minotaur Delver began the quest for the Orb.
     0 | D:5      | Reached XP level 1. HP: 19/19 MP: 0/0
     9 | D:5      | Found a staircase to the Ecumenical Temple.
    17 | Temple   | Entered the Ecumenical Temple
   582 | D:5      | Noticed a scorpion
   590 | D:5      | Killed a scorpion
   591 | D:5      | Reached skill level 5 in Stealth
   591 | D:5      | Reached XP level 2. HP: 17/27 MP: 1/1
   591 | D:5      | Reached XP level 3. HP: 20/33 MP: 2/2
   877 | D:5      | Reached skill level 1 in Armour
   877 | D:5      | Reached XP level 4. HP: 40/40 MP: 3/3
  1004 | D:5      | Noticed a necrophage
  1014 | D:5      | Killed a necrophage
  1015 | D:5      | Reached XP level 5. HP: 47/47 MP: 4/4
  1413 | D:5      | Noticed an ogre
  2108 | D:2      | Reached XP level 6. HP: 53/53 MP: 5/5
  2485 | D:1      | Found a faded altar of an unknown god.
  3416 | D:2      | Found a runed translucent door.
  3417 | D:2      | Noticed Crazy Yiuf
  3468 | D:2      | Found a shadowy altar of Dithmenos.
  3768 | D:2      | Killed Crazy Yiuf
  3769 | D:2      | Reached skill level 1 in Shields
  3890 | D:3      | Noticed Jessica
  3970 | D:3      | Killed Jessica
  4747 | D:3      | Noticed Ijyb
  4761 | D:3      | Splashed by Ijyb's acid

Illustrated notes

Levels and vault maps discovered:
D:1:      scummos_arrival_hexagon, layout_basic,
          hellmonk_ecumenical_altar_zigzags
D:2:      layout_rooms, basic_altar, nicolae_underground_beach,
          uniq_crazy_yiuf_cottage
D:3:      layout_loops_ring, serial_co_window_serial,
          co_window_of_opportunity_a, co_window_of_opportunity_a,
          co_window_corner_a, co_window_paths_b, co_window_cross_1,
          co_window_paths_c, co_window_paths_c, co_window_broadway_a,
          co_window_2corner, co_window_corner_cb, co_window_broadway_c,
          co_window_4corner_a, glass_columns_b, glass_columns_b,
          glass_columns_c, uniq_ijyb, uniq_jessica, uniq_natasha
D:4:      layout_loops_ring
D:5:      layout_gridville, minitemple, temple_statues
Temple:   nicolae_temple_x_marks_the_god

Skill      XL: |  1  2  3  4  5  6 |
---------------+-------------------+-----
Fighting       | 4 |  4.7
Stealth        | 5 |  5.9
Armour         | 1 2 3 |  3.2
Long Blades    | 3 |  3.7
Shields        | 1 |  1.4
Dodging        | |  2.6

Action                   |  1- 3 |  4- 6 || total
-------------------------+-------+-------++-------
Melee: Falchion          |    18 |   178 ||   196
       Headbutt          |     3 |    36 ||    39
  Use: Scroll            |       |     1 ||     1
       Potion            |       |     1 ||     1
Armor: Chain mail        |     8 |   157 ||   165
       Leather armour    |     1 |       ||     1
Dodge: Dodged            |    11 |    56 ||    67
Block: Kite shield       |       |    96 ||    96
       Rpst.: Falchion   |     4 |    10 ||    14
